 Dungeon Crawl Stone Soup version 0.27.0-1-g7a089689b8 (console) character file.

Game seed: 14469101142901989802

235 FIQ the Ducker (level 6, -4/52 (56) HPs)
             Began as a Gnoll Monk on Aug 5, 2021.
             Was a Follower of Ashenzari.
             Slain by Crazy Yiuf (10 damage)
             ... while paralysed by Crazy Yiuf
             ... on level 3 of the Dungeon.
             The game lasted 00:04:06 (3348 turns).

FIQ the Ducker (Gnoll Monk)                         Turns: 3348, Time: 00:04:06

HP:   -4/52 (56)    AC:  6    Str: 12    XL:     6   Next: 6%
MP:   9/9           EV:  2    Int:  9    God:    Ashenzari [*.....]
Gold: 116           SH:  0    Dex: 15    Spells: 10/10 levels left

rFire    . . .     SeeInvis .   a - +0 hand axe {Self, Elem} (curse)
rCold    . . .     Faith    .   (no shield)
rNeg     . . .     Spirit   .   h - +0 scale mail of Desmomancy {Elem, Bglg} (curse)
rPois    .         Reflect  .   (no helmet)
rElec    .         Harm     .   (no cloak)
rCorr    .         Rampage  .   (no gloves)
Will     .....                  (no boots)
Stlth    +.........             (no amulet)
HPRegen  0.17/turn              (no ring)
MPRegen  0.11/turn              (no ring)

@: paralysed, agile, lethally poisoned (-4 -> -15), drained
A: fangs 1, strong nose, distributed training
a: Renounce Religion, Shatter the Chains


You were on level 3 of the Dungeon.
You worshipped Ashenzari.
Ashenzari was aware of your devotion.
You visited 1 branch of the dungeon, and saw 3 of its levels.

You collected 116 gold pieces.

Inventory:

Hand Weapons
 a - the cursed +0 hand axe "Omission of Ashenzari" (weapon) {Self, Elem}

   It has a curse which improves the following skills: Introspection: Fighting
   and Spellcasting.
   Elements:  Fire Magic, Ice Magic, Air Magic and Earth Magic.
Armour
 b - a +0 robe
 h - the cursed +0 scale mail of Desmomancy (worn) {Elem, Bglg}
   (You found it on level 1 of the Dungeon)

   It has a curse which improves the following skills: Elements: Fire Magic, Ice
   Magic, Air Magic and Earth Magic.
   Beguiling: Conjurations, Hexes and Translocations.
Scrolls
 c - a scroll of magic mapping
 d - 4 scrolls of identify
 e - a scroll of silence
 f - 2 scrolls of teleportation
 g - a scroll of fog
 i - 2 scrolls of blinking
 k - a scroll of summoning
Potions
 j - a potion of ambrosia
 l - a potion of heal wounds
 m - a potion of cancellation


   Skills:
 + Level 6.8(7.8) Fighting
 + Level 1.8 Short Blades
 + Level 1.8 Long Blades
 + Level 6.8 Axes
 + Level 1.8 Maces & Flails
 + Level 1.8 Polearms
 + Level 1.8 Staves
 + Level 1.8 Slings
 + Level 1.8 Bows
 + Level 1.8 Crossbows
 + Level 1.8 Throwing
 + Level 1.8 Armour
 + Level 6.8 Dodging
 + Level 4.5 Stealth
 + Level 1.8 Shields
 + Level 1.8 Unarmed Combat
 + Level 1.8(2.5) Spellcasting
 + Level 1.4(2.1) Conjurations
 + Level 1.4(2.1) Hexes
 + Level 1.4 Summonings
 + Level 1.4 Necromancy
 + Level 1.4(2.1) Translocations
 + Level 1.4 Transmutations
 + Level 1.4(2.5) Fire Magic
 + Level 1.4(2.5) Ice Magic
 + Level 1.4(2.5) Air Magic
 + Level 1.4(2.5) Earth Magic
 + Level 1.4 Poison Magic
 + Level 2.0 Invocations
 + Level 1.8 Evocations


You had 10 spell levels left.
You didn't know any spells.
Your spell library contained the following spells:

 Spells                   Type           Power      Damage    Failure   Level
 Gell's Gravitas          Tloc           2%         N/A       90%         3
 Teleport Other           Tloc           5%         N/A       90%         3
 Dispersal                Tloc           2%         N/A       100%        6


Dungeon Overview and Level Annotations

Branches:
Dungeon (3/15)

Altars:
Ashenzari
Cheibriados
Sif Muna
Trog

Annotations:
D:3 Crazy Yiuf


Innate Abilities, Weirdness & Mutations

You have very sharp teeth.
Your uncanny sense of smell can sniff out nearby items.
Your experience applies equally to all skills.


Message History

Found a +0 mace.
Found a runed translucent door.
Crazy Yiuf shouts!
Crazy Yiuf says, "Paint!
Mugger tired action."
You see here a rat corpse.
There is an open door here.
You open the door.
There is an open door here.
Crazy Yiuf shouts!
Crazy Yiuf laughs, "Goober!
Whiteboard verde wrapper."
Could not explore, unopened runed door.
Could not explore, unopened runed door.
Could not explore, unopened runed door.
As you open the door, it creaks loudly!
Crazy Yiuf cries, "Mountain!"
Your cursed scale mail of Desmomancy prevents you from hitting Crazy Yiuf.
Crazy Yiuf hits you with a +2 quarterstaff of chaos.
You feel drained.
You hit Crazy Yiuf.
Crazy Yiuf is moderately wounded.
Crazy Yiuf closely misses you.
You barely miss Crazy Yiuf.
Crazy Yiuf is moderately wounded.
Crazy Yiuf hits you with a +2 quarterstaff of chaos!
You feel agile all of a sudden.
You closely miss Crazy Yiuf. Your bite misses Crazy Yiuf.
Crazy Yiuf is moderately wounded.
Crazy Yiuf barely misses you.
You closely miss Crazy Yiuf.
Crazy Yiuf is moderately wounded.
Crazy Yiuf hits you with a +2 quarterstaff of chaos.
You suddenly lose the ability to move!
Crazy Yiuf hits you with a +2 quarterstaff of chaos!
You feel drained.
Crazy Yiuf hits you with a +2 quarterstaff of chaos!
* * * LOW HITPOINT WARNING * * *
You are lethally poisoned!
* * * LOW HITPOINT WARNING * * *
You feel very sick.
Crazy Yiuf hits you with a +2 quarterstaff of chaos!
You die...

#.# #.# #.# #.#
##.###### #.......#
####♣♣ ### #...###.#
##...P♣♣ ♣♣#..)#
#....##.#
#.....P♣♣♣♣@g...#
#...###.#
#.....P.♣..♣#...#
#...###.##
#.#....♣.♣♣♣ ###
##...<.... #.###♣♣♣♣♣
#.####.## #.#
##'####.# #.# ###
##.......# #.# #.##
##.....#### #.# #..##
##.......## #.#
##...####.........###


You could see Crazy Yiuf.

Vanquished Creatures
  An ogre (D:3)
  A bullfrog skeleton (D:3)
  An orc priest (D:3)
  3 adders
  A worm (D:2)
  A dart slug (D:1)
  9 orcs (D:3)
  4 endoplasms
  5 giant cockroaches
  2 goblins (D:3)
  5 hobgoblins
  2 quokkas (D:1)
  4 ball pythons
  2 bats
  6 frilled lizards
  6 kobolds
  6 rats
59 creatures vanquished.

Notes
Turn   | Place    | Note
-------+----------+-------------------------------------------
     0 | D:1      | FIQ the Gnoll Monk began the quest for the Orb.
     0 | D:1      | Reached XP level 1. HP: 23/23 MP: 1/1
   257 | D:1      | Reached XP level 2. HP: 29/29 MP: 2/2
   379 | D:1      | Found a faded altar of an unknown god.
   684 | D:2      | Found a shimmering blue altar of Sif Muna.
   863 | D:2      | Reached XP level 3. HP: 27/35 MP: 2/4
   972 | D:1      | Became a worshipper of Ashenzari the Shackled
  1287 | D:2      | Reached skill level 1 in Invocations
  1818 | D:3      | Reached skill level 1 in Short Blades
  1818 | D:3      | Reached skill level 1 in Long Blades
  1818 | D:3      | Reached skill level 1 in Maces & Flails
  1818 | D:3      | Reached skill level 1 in Polearms
  1818 | D:3      | Reached skill level 1 in Staves
  1818 | D:3      | Reached skill level 1 in Slings
  1818 | D:3      | Reached skill level 1 in Bows
  1818 | D:3      | Reached skill level 1 in Crossbows
  1818 | D:3      | Reached skill level 1 in Throwing
  1818 | D:3      | Reached skill level 1 in Armour
  1818 | D:3      | Reached skill level 1 in Shields
  1818 | D:3      | Reached skill level 1 in Unarmed Combat
  1818 | D:3      | Reached skill level 1 in Spellcasting
  1818 | D:3      | Reached skill level 1 in Evocations
  1835 | D:3      | Reached XP level 4. HP: 12/43 MP: 4/6
  2080 | D:3      | Reached * piety under Ashenzari
  2094 | D:3      | Reached skill level 1 in Conjurations
  2094 | D:3      | Reached skill level 1 in Hexes
  2094 | D:3      | Reached skill level 1 in Summonings
  2094 | D:3      | Reached skill level 1 in Necromancy
  2094 | D:3      | Reached skill level 1 in Translocations
  2094 | D:3      | Reached skill level 1 in Transmutations
  2094 | D:3      | Reached skill level 1 in Fire Magic
  2094 | D:3      | Reached skill level 1 in Ice Magic
  2094 | D:3      | Reached skill level 1 in Air Magic
  2094 | D:3      | Reached skill level 1 in Earth Magic
  2094 | D:3      | Reached skill level 1 in Poison Magic
  2207 | D:3      | Noticed an ogre
  2215 | D:3      | Killed an ogre
  2216 | D:3      | Reached XP level 5. HP: 44/49 MP: 6/8
  2332 | D:3      | Found a bloodstained altar of Trog.
  2333 | D:3      | Found a snail-covered altar of Cheibriados.
  2879 | D:3      | Reached XP level 6. HP: 43/56 MP: 9/9
  3233 | D:3      | Found a runed translucent door.
  3234 | D:3      | Noticed Crazy Yiuf
  3345 | D:3      | Paralysed by Crazy Yiuf for 5 turns
  3348 | D:3      | Slain by Crazy Yiuf

Illustrated notes

Levels and vault maps discovered:
D:1:      dpeg_arrival_simpleton_a, layout_loops_cross,
          shapermc_ecumenical_altar_mp_urbaneastern
D:2:      layout_loops_ring, basic_altar
D:3:      layout_loops_corners, gammafunk_temple_overflow_pools,
          uniq_crazy_yiuf_cottage

Skill      XL: |  1  2  3  4  5 |
---------------+----------------+-----
Invocations    | 1 2 |  2.0
Short Blades   | 1 |  1.8
Long Blades    | 1 |  1.8
Maces & Flails | 1 |  1.8
Polearms       | 1 |  1.8
Staves         | 1 |  1.8
Slings         | 1 |  1.8
Bows           | 1 |  1.8
Crossbows      | 1 |  1.8
Throwing       | 1 |  1.8
Armour         | 1 |  1.8
Shields        | 1 |  1.8
Unarmed Combat | 1 |  1.8
Spellcasting   | 1 |  1.8
Evocations     | 1 |  1.8
Conjurations   | 1 |  1.4
Hexes          | 1 |  1.4
Summonings     | 1 |  1.4
Necromancy     | 1 |  1.4
Translocations | 1 |  1.4
Transmutations | 1 |  1.4
Fire Magic     | 1 |  1.4
Ice Magic      | 1 |  1.4
Air Magic      | 1 |  1.4
Earth Magic    | 1 |  1.4
Poison Magic   | 1 |  1.4
Fighting       | |  6.8
Axes           | |  6.8
Dodging        | |  6.8
Stealth        | |  4.5

Action                   |  1- 3 |  4- 6 || total
-------------------------+-------+-------++-------
Melee: Hand axe          |   125 |   113 ||   238
       Bite              |    16 |    15 ||    31
Invok: Curse Item        |     1 |     1 ||     2
  Use: Potion            |       |     1 ||     1
 Stab: Sleeping          |     7 |     1 ||     8
       Distracted        |     1 |       ||     1
Armor: Robe              |     4 |       ||     4
       Scale mail        |    29 |    34 ||    63
Dodge: Dodged            |    39 |    60 ||    99
